 Dungeon Crawl Stone Soup version 0.29.1-2-gbd0b4ee654 (console) character file.

Game seed: 11531147156189766539

127 Goreval the Insei (level 5, -1/38 HPs)
             Began as a Merfolk Transmuter on Nov 14, 2022.
             Was a Believer of Fedhas.
             Succumbed to a scorpion's poison
             ... on level 4 of the Dungeon.
             The game lasted 00:12:27 (3749 turns).

Goreval the Insei (Merfolk Transmuter)              Turns: 3749, Time: 00:12:28

Health: -1/38      AC:  3    Str: 11    XL:     5   Next: 11%
Magic:  5/8        EV: 13    Int: 14    God:    Fedhas [**....]
Gold:   115        SH:  0    Dex: 14    Spells: 3/9 levels left

rFire   . . .      SeeInvis .     - Unarmed
rCold   . . .      Faith    .   (no shield)
rNeg    . . .      Spirit   .   a - +0 robe
rPois   .          Reflect  .   (helmet currently unavailable)
rElec   .          Harm     .   g - +0 cloak
rCorr   .          Rampage  .   (no gloves)
Will    .....                   (boots currently unavailable)
Stlth   +.........              (no amulet)
HPRegen 0.12/turn               (no ring)
MPRegen 0.11/turn               (no ring)

@: lethally poisoned (-1 -> -10), appendages, wereblooded
A: horns 2, (nimble swimmer 2), mertail
a: End Transformation, Renounce Religion, Wall of Briars


You were on level 4 of the Dungeon.
You worshipped Fedhas.
Fedhas was pleased with you.
You had temporarily grown beastly horns.
You visited 1 branch of the dungeon, and saw 4 of its levels.

You collected 115 gold pieces.

Inventory:

Hand Weapons
 s - a +2 short sword of holy wrath
Missiles
 f - 17 stones (quivered)
 h - 2 javelins
Armour
 a - a +0 robe (worn)
 g - a +0 cloak (worn)
 k - a +1 pair of boots (melded)
Jewellery
 l - an amulet of guardian spirit
Scrolls
 d - a scroll of vulnerability {unknown}
 i - a scroll of immolation
 j - a scroll of blinking {unknown}
 n - a scroll of noise {unknown}
 o - a scroll of enchant armour {unknown}
 p - a scroll of teleportation {unknown}
 q - a scroll of summoning {unknown}
Potions
 b - 2 potions of lignification
 c - a potion of curing
 e - a potion of cancellation {unknown}
 m - 2 potions of flight {unknown}
 r - a potion of resistance {unknown}


   Skills:
 + Level 2.1 Fighting
 + Level 3.3 Dodging
 * Level 4.2 Unarmed Combat
 + Level 2.5 Spellcasting
 * Level 4.1 Transmutations
 + Level 1.1 Poison Magic


You had 3 spell levels left.
You knew the following spells:

 Your Spells              Type           Power      Damage    Failure   Level
a - Beastly Appendage     Tmut           26%        N/A       4%          1
b - Wereblood             Tmut           13%        N/A       6%          2
c - Spider Form           Tmut/Pois      9%         N/A       22%         3

Your spell library contained the following spells:

 Spells                   Type           Power      Damage    Failure   Level
 Call Canine Familiar     Summ           1%         N/A       56%         3
 Inner Flame              Hex/Fire       1%         N/A       56%         3
 Portal Projectile        Hex/Tloc       2%         N/A       56%         3
 Ice Form                 Ice/Tmut       7%         N/A       67%         4
 Cause Fear               Hex            0%         N/A       92%         4
 Leda's Liquefaction      Hex/Erth       0%         N/A       92%         4
 Discord                  Hex            0%         N/A       100%        8


Dungeon Overview and Level Annotations

Branches:
Dungeon (4/15)
 Temple: D:4-7

Altars:
Fedhas
Qazlal


Innate Abilities, Weirdness & Mutations

You have temporarily grown beastly horns.
((You are very nimble when in or above water. (Stealth+, EV+, Speed+++)))
Your lower body shifts to a powerful aquatic tail in water.


Message History

The scorpion stings you but does no damage.
You closely miss the scorpion. The orc barely misses you.
The giant cockroach barely misses you.
The scorpion stings you but does no damage.
The giant cockroach attacks as you move away!
The giant cockroach bites you but does no damage.
The orc attacks as you move away! The orc closely misses you.
The orc hits you but does no damage.
Items here: ( )))) [ ††††.
The giant cockroach attacks as you move away!
The giant cockroach barely misses you.
The giant cockroach bites you but does no damage.
You grow a pair of large bovine horns.
Your +1 pair of boots melds into your body.
The giant cockroach bites you but does no damage.
Your blood is infused with primal strength.
The giant cockroach closely misses you.
You barely miss the giant cockroach.
Your headbutt misses the giant cockroach.
The giant cockroach closely misses you.
You hit the giant cockroach but do no damage.
Your headbutt misses the giant cockroach.
You punch the giant cockroach.
You feel a bit better.
You kill the giant cockroach!
Fedhas appreciates your contribution to the ecosystem.
You howl as the wereblood boils in your veins!
You barely miss the scorpion.
You headbutt the scorpion, but do no damage.
The scorpion stings you.
* * * LOW HITPOINT WARNING * * *
You hit the scorpion. The scorpion closely misses you.
Unknown command.
You hit the scorpion but do no damage. The scorpion stings you!
* * * LOW HITPOINT WARNING * * *
You barely miss the scorpion. The scorpion stings you.
* * * LOW HITPOINT WARNING * * *
You are lethally poisoned!
The scorpion poisons you! The scorpion misses you.
You barely miss the scorpion.
You die...
Fedhas appreciates your contribution to the ecosystem.

#..# #..# #..# ### ### #..#
#.. ..# #..# #.# #.# # #..#
#.# #.# #. #..# #.# #.### #.#
#####.##..## #.# #...###.#####
...........# #.# #.........#
##.....#).####.#####.###.###.#
#.###.#)............# #.# #.#
. #....).....####.# #.# #.#
#.####o##..####.###.###.# ...#
#s##>..........[.#.# ...###
#@########.#####.#.# ### #.#
#.# ###.#.###### #.# #.#
#............ #.#
#.###.#.#.####### #.#
#...<.#.#.# #.# #######.#.#
#.# #.#.# #.# ..... #.# #####
.######## ........# #.# #.#
#.# # #<##.#### #.......#


You could see a scorpion and an orc.

Vanquished Creatures
  A hound (D:3)
  An orc wizard (D:4)
  An adder (D:2)
  2 worms
  2 dart slugs (D:3)
  5 orcs
  6 endoplasms
  A giant cockroach (D:4)
  4 goblins
  4 hobgoblins
  5 ball pythons
  6 bats
  A frilled lizard (D:1)
  7 kobolds
  3 rats
49 creatures vanquished.

Notes
Turn   | Place    | Note
-------+----------+-------------------------------------------
     0 | D:1      | Goreval the Merfolk Transmuter began the quest for the Orb.
     0 | D:1      | Reached XP level 1. HP: 15/15 MP: 3/3
   312 | D:1      | Found a faded altar of an unknown god.
   327 | D:1      | Prayed at the altar of an unknown god.
   327 | D:1      | Became a worshipper of Fedhas Madash
   327 | D:1      | Reached * piety under Fedhas
   563 | D:1      | Reached XP level 2. HP: 21/21 MP: 3/5
   566 | D:1      | Learned a level 2 spell: Wereblood
   777 | D:1      | You fall into a shaft and drop 1 floor!
  1586 | D:2      | Reached XP level 3. HP: 21/26 MP: 4/6
  1590 | D:2      | Learned a level 3 spell: Spider Form
  2118 | D:2      | Reached ** piety under Fedhas
  2581 | D:3      | Noticed a water elemental
  2583 | D:3      | Found a stormy altar of Qazlal.
  2584 | D:3      | Noticed an air elemental
  2584 | D:3      | Noticed a fire elemental
  2584 | D:3      | Noticed an earth elemental
  2598 | D:3      | Reached XP level 4. HP: 20/33 MP: 7/7
  3305 | D:4      | Noticed a phantom
  3714 | D:4      | Reached skill level 1 in Poison Magic
  3714 | D:4      | Reached XP level 5. HP: 23/38 MP: 6/8
  3731 | D:4      | HP: 1/38 [scorpion (7)]
  3748 | D:4      | HP: 1/38 [scorpion (1)]
  3749 | D:4      | Succumbed to a scorpion's poison

Illustrated notes

Levels and vault maps discovered:
D:1:      nzn_arrival_crosshair, layout_loops_corners,
          hellmonk_ecumenical_altar_crossroads
D:2:      layout_loops_ring
D:3:      layout_loops_ring, nicolae_qazlal_style_of_elements
D:4:      layout_loops_ring

Skill      XL: |  1  2  3  4 |
---------------+-------------+-----
Dodging        | 3 |  3.3
Transmutations | 3 4 |  4.1
Unarmed Combat | 4 |  4.2
Fighting       | 2 |  2.1
Poison Magic   | 1 |  1.1
Spellcasting   | |  2.5

Action                   |  1- 3 |  4- 6 || total
-------------------------+-------+-------++-------
Melee: Unarmed           |   105 |    69 ||   174
       Headbutt          |    16 |    10 ||    26
       Punch             |     5 |     2 ||     7
Throw: Stone             |     9 |     3 ||    12
 Cast: Beastly Appendage |    25 |     9 ||    34
       Wereblood         |       |     1 ||     1
  Use: Potion            |       |     3 ||     3
       Scroll            |       |     1 ||     1
 Stab: Sleeping          |     1 |     1 ||     2
Armor: Robe              |    11 |    16 ||    27
Dodge: Dodged            |    47 |    45 ||    92
